 Dungeon Crawl Stone Soup version 0.28.0-45-g0d030f2227 (webtiles) character file.

Game seed: 8229465614074538129

77 101zpm the Covered (level 4, 0/29 HPs)
             Began as a Gargoyle Fighter on Apr 10, 2022.
             Slain by a jackal (3 damage)
             ... on level 3 of the Dungeon.
             The game lasted 00:01:50 (1453 turns).

101zpm the Covered (Gargoyle Fighter)               Turns: 1453, Time: 00:01:50

Health: 0/29       AC: 10    Str: 22    XL:     4   Next: 33%
Magic:  4/4        EV: 10    Int:  4    God:
Gold:   91         SH:  4    Dex:  9    Spells: 3/3 levels left

rFire   . . .      SeeInvis .   a - +0 flail
rCold   . . .      Faith    .   c - +0 buckler
rNeg    + . .      Spirit   .   k - +1 ring mail of Asceticism {rElec Int-4 Stlth+}
rPois   ∞          Reflect  .   (no helmet)
rElec   +          Harm     .   (no cloak)
rCorr   .          Rampage  .   (no gloves)
Will    .....                   (no boots)
Stlth   +.........              (no amulet)
HPRegen 0.09/turn               (no ring)
MPRegen 0.09/turn               (no ring)

@: no status effects
A: sickness immunity, AC +3, negative energy resistance 1, electricity
resistance, torment resistance 1, petrification resistance
a: no special abilities


You were on level 3 of the Dungeon.
You visited 1 branch of the dungeon, and saw 3 of its levels.

You collected 91 gold pieces.

Inventory:

Hand Weapons
 a - a +0 flail (weapon)
Armour
 b - a +0 scale mail
 c - a +0 buckler (worn)
 k - the +1 ring mail of Asceticism (worn) {rElec Int-4 Stlth+}
   (You found it on level 2 of the Dungeon)

   Int:       It affects your intelligence (-4).
   rElec:     It insulates you from electricity.
   Stlth:     It makes you more stealthy.
Scrolls
 f - a scroll of vulnerability {unknown}
 i - 2 scrolls of noise {unknown}
 j - 2 scrolls of identify {unknown}
Potions
 d - a potion of might
 e - a potion of heal wounds {unknown}
 g - 2 potions of degeneration {unknown}
 h - a potion of curing {unknown}


   Skills:
 + Level 3.7 Fighting
 + Level 3.1 Maces & Flails
 + Level 3.8 Armour
 + Level 0.3 Dodging
 + Level 0.2 Stealth
 + Level 3.7 Shields


You had 3 spell levels left.
You didn't know any spells.
Your spell library contained the following spells:

 Spells                   Type           Power      Damage    Failure   Level
 Tukima's Dance           Hex            0%         N/A       98%         3
 Anguish                  Hex/Necr       0%         N/A       100%        4
 Enfeeble                 Hex            0%         N/A       100%        7


Dungeon Overview and Level Annotations

Branches:
Dungeon (3/15)

Altars:


Innate Abilities, Weirdness & Mutations

You are immune to sickness and miasma.
Your stone body is resilient. (AC +3)
You are immune to poison.
You resist negative energy. (rN+)
You are resistant to electric shocks. (rElec)
You are resistant to unholy torment.
You are immune to petrification.


Message History

The orc completely misses you.
You closely miss the orc.
The orc is moderately wounded.
The orc barely misses you.
A jackal comes into view.
The orc hits you with a +0 dagger.
* * * LOW HITPOINT WARNING * * *
The jackal barks!
You sock the orc!
You kill the orc!
The jackal bites you but does no damage.
You closely miss the jackal.
The jackal bites you but does no damage. x2
You sock the jackal!
You kill the jackal!
The jackal bites you but does no damage.
A frilled lizard comes into view.
You barely miss the jackal.
The jackal bites you but does no damage.
The jackal closely misses you.
The frilled lizard hisses angrily.
You hit the jackal.
The jackal is heavily wounded.
The jackal closely misses you.
You hit the jackal.
The jackal is severely wounded.
The jackal bites you but does no damage. x2
You completely miss the jackal.
The jackal is severely wounded.
The jackal completely misses you. The jackal barely misses you.
You closely miss the jackal.
The jackal is severely wounded.
You block the jackal's attack. The jackal closely misses you.
You miss the jackal.
The jackal is severely wounded.
The jackal barely misses you. The jackal closely misses you.
You closely miss the jackal.
The jackal is severely wounded.
The jackal bites you.
You die...

.# ##########...#
#.....)@hhl..# .
#.############ ##.
#.##### #. #... #.....##
#.# .... #.##...##
#.#####.... #.#.....##
##.##.....#
#...#.#..####.....#..###
#..##.##......#.........
#...###†(#.#......###...


You could see 2 jackals and a frilled lizard.

Vanquished Creatures
  An orc priest (D:3)
  3 orcs (D:3)
  4 bats
  4 endoplasms
  2 giant cockroaches (D:1)
  A goblin (D:1)
  A hobgoblin (D:1)
  8 jackals
  5 kobolds
  2 quokkas (D:1)
  4 ball pythons
  A frilled lizard (D:1)
  2 rats
38 creatures vanquished.

Vanquished Creatures (others)
  4 plants (D:3)
  A withered plant (D:1)
5 creatures vanquished.

Grand Total: 43 creatures vanquished

Notes
Turn   | Place    | Note
-------+----------+-------------------------------------------
     0 | D:1      | 101zpm the Gargoyle Fighter began the quest for the Orb.
     0 | D:1      | Reached XP level 1. HP: 14/14 MP: 1/1
    27 | D:1      | Reached XP level 2. HP: 8/19 MP: 2/2
   294 | D:1      | Found a faded altar of an unknown god.
   652 | D:1      | Reached XP level 3. HP: 12/23 MP: 3/3
  1227 | D:2      | Identified the +1 ring mail of Asceticism {rElec Int-4
                  | Stlth+}
  1437 | D:3      | Reached XP level 4. HP: 4/29 MP: 4/4
  1443 | D:3      | HP: 1/29 [orc/+0 dagger (3)]
  1453 | D:3      | Slain by a jackal

Illustrated notes

Levels and vault maps discovered:
D:1:      dpeg_arrival_rooms_a, layout_rooms,
          ebering_ecumenical_altar_petrified, st_stairs_12
D:2:      layout_rooms
D:3:      layout_rooms, serial_bayou_pond_a, glass_columns_b, minmay_between

Skill      XL: |  1  2  3 |
---------------+----------+-----
Maces & Flails | 3 |  3.1
Fighting       | |  3.7
Armour         | |  3.8
Dodging        | |  0.3
Stealth        | |  0.2
Shields        | |  3.7

Action                   |  1- 3 |  4- 6 || total
-------------------------+-------+-------++-------
Melee: Flail             |   111 |    15 ||   126
Armor: Scale mail        |    73 |       ||    73
       Ring mail         |    11 |    10 ||    21
Dodge: Dodged            |    52 |    11 ||    63
Block: Buckler           |    25 |     1 ||    26
